 Dungeon Sprint DCSS version 0.28-a0-1387-g3a22ab9bdc (webtiles) character file.

Game seed: 1477890780833414725

9711 greenreed the Peltast (level 11, -1/113 HPs)
             Began as a Minotaur Berserker on Jan 2, 2022.
             Was a High Priest of Trog.
             Slain by an entropy weaver simulacrum (36 damage)
             ... in the Dungeon (Sprint V: "Ziggurat Sprint").
             The game lasted 00:17:07 (842 turns).

greenreed the Peltast (Minotaur Berserker)           Turns: 842, Time: 00:17:10

Health: -1/113     AC: 30    Str: 31    XL:     11   Next: 26%
Magic:  10/10      EV:  7    Int:  6    God:    Trog [*****.]
Gold:   0          SH: 38    Dex: 17    Spells: 10/10 levels left

rFire   . . .      SeeInvis .   H - +9 sword of Zonguldrok {reap}
rCold   . . .      Faith    .   C - +18 shield of the Gong {rElec rN+ Will+ EV-5}
rNeg    + . .      Spirit   .   B - +15 Maxwell's patent armour {-Cast -Tele rElec Will+ rCorr}
rPois   +          Reflect  +   (helmet restricted)
rElec   +          Harm     .   (no cloak)
rCorr   +          Rampage  .   (no gloves)
Will    ++++.      NoTele   +   (no boots)
Stlth   .......... NoCast   +   J - amulet of reflection
HPRegen 1.28/turn               y - +6 ring of strength
MPRegen 0.12/turn               N - ring "Suczyll" {rPois Int+2 Dex+6 Stlth+}

@: strong-willed, on berserk cooldown, regenerating, slowed, glowing, studying
Throwing, very slow
A: horns 2, retaliatory headbutt
a: Renounce Religion, Berserk, Trog's Hand, Brothers in Arms


You were in the Dungeon.
You worshipped Trog.
Trog was extremely pleased with you.
You visited 1 branch

Inventory:

Hand Weapons
 a - a +0 falchion
 A - the +14 obsidian axe {vorpal, Mesm Drain Fly SInv}
   (You found it in the Dungeon)

   It inflicts extra damage upon your enemies.
   It occasionally summons demons to assist the wielder when it strikes in
   combat.
   Its wielder is mesmerised by any visible foes.
   It cannot be unequipped while any foes are visible.
   SInv:      It lets you see invisible.
   Fly:       It grants you flight.
   Drain:     It drains your maximum health when unequipped.
 D - the +7 Singing Sword {vorpal, sonic wave}
   (You found it in the Dungeon)

   It inflicts extra damage upon your enemies.
   It radiates damaging sonic waves as it strikes, especially in combat
   involving dangerous or numerous foes.
 E - the +7 mace of Variability {chain chaos}
   (You found it in the Dungeon)

   Each time it hits an enemy it has a different, random effect.
   It occasionally unleashes arcs of chaos on nearby creatures upon striking a
   foe.
 F - the +11 plutonium sword {Contam Stlth-}
   (You found it in the Dungeon)

   It occasionally inflicts wild transmutation effects on those it strikes,
   inflicting malmutation or extra damage, or polymorphing them into a new form.
   Contam:    It causes magical contamination when unequipped.
   Stlth:     It makes you less stealthy.
 G - the +6 shillelagh "Devastator" {shatter}
   (You found it in the Dungeon)

   It releases a powerful concussive burst when it strikes, dealing extra damage
   to the target and all other foes adjacent to them.
 H - the +9 sword of Zonguldrok (weapon) {reap}
   (You found it in the Dungeon)

   Any living foe damaged by it may be reanimated upon death as a zombie
   friendly to the wielder, with an increasing chance as more damage is dealt.
Missiles
 M - a throwing net (quivered)
Armour
 b - a +0 animal skin
 B - the +15 Maxwell's patent armour (worn) {-Cast -Tele rElec Will+ rCorr}
   (You found it in the Dungeon)

   rElec:     It insulates you from electricity.
   -Cast:     It prevents spellcasting.
   -Tele:     It prevents most forms of teleportation.
   rCorr:     It protects you from acid and corrosion.
   Will:      It increases your willpower.
 C - the +18 shield of the Gong (worn) {rElec rN+ Will+ EV-5}
   (You found it in the Dungeon)

   It is deafeningly noisy when blocking attacks.
   EV:        It affects your evasion (-5).
   rElec:     It insulates you from electricity.
   rN:        It protects you from negative energy.
   Will:      It increases your willpower.
Jewellery
 o - a +4 ring of evasion
 t - a ring of flight
 u - a +6 ring of dexterity
 v - a +6 ring of dexterity
 w - a +6 ring of intelligence
 x - a +6 ring of intelligence
 y - a +6 ring of strength (left hand)
 z - a +6 ring of strength
 I - an amulet of the acrobat
 J - an amulet of reflection (around neck)
 N - the ring "Suczyll" (right hand) {rPois Int+2 Dex+6 Stlth+}
   (You found it in the Dungeon)

   [ring of dexterity]

   Int:       It affects your intelligence (+2).
   Dex:       It affects your dexterity (+6).
   rPois:     It protects you from poison.
   Stlth:     It makes you more stealthy.
 Q - a +4 ring of protection
 S - a ring of protection from fire
Wands
 q - a wand of mindburst (7)
 r - a wand of iceblast (7)
 s - a wand of acid (7)
Scrolls
 h - 4 scrolls of blinking
 i - 7 scrolls of fog
 j - a scroll of holy word
 k - 5 scrolls of identify
 l - 2 scrolls of fear
 L - 4 scrolls of enchant weapon
 R - a scroll of brand weapon
Potions
 c - 10 potions of curing
 d - 11 potions of heal wounds
 e - 4 potions of haste
 f - 7 potions of magic
 g - 3 potions of berserk rage
 m - 2 potions of invisibility
 n - 2 potions of resistance
 p - 3 potions of might
Miscellaneous
 K - a tin of tremorstones (2/2)
 O - a piece from Xom's chessboard (15/15)
 P - a condenser vane
 T - a box of beasts


   Skills:
 + Level 15.4 Fighting
 + Level 17.8 Long Blades
 + Level 11.0 Armour
 + Level 7.0 Dodging
 + Level 5.0 Stealth
 + Level 19.0 Shields


You had 10 spell levels left.
You didn't know any spells.
Your spell library was empty.

Dungeon Overview and Level Annotations

Branches:
Dungeon (1/1)

Altars:
Ashenzari
Cheibriados
Dithmenos
Elyvilon
Fedhas
Gozag
Hepliaklqana
Kikubaaqudgha
Makhleb
Nemelex Xobeh
Okawaru
Qazlal
Ru
Sif Muna
Trog
Uskayaw
Vehumet
Wu Jian
Xom
Yredelemnul
Zin
The Shining One
Beogh
Jiyva
Lugonu


Innate Abilities, Weirdness & Mutations

You have a pair of horns on your head.
You reflexively headbutt those who attack you in melee.


Message History

The steelbarb worm is severely wounded.
The sun moth burns!
You block the sun moth's attack.
PANG!
You block the moth of wrath simulacrum's attack.
SHROANNG!
Your iron troll bites the moth of wrath simulacrum!!
Your iron troll claws the moth of wrath simulacrum!
The moth of wrath simulacrum vaporises!
You slash the steelbarb worm! You headbutt the steelbarb worm.
The steelbarb worm is almost dead.
The sun moth burns!
You block the sun moth's attack.
PTOANNNG!
You block the steelbarb worm's attack.
BOUMMMMG!
Your iron troll bites the meliai simulacrum!!
The meliai simulacrum vaporises!
You slice the steelbarb worm!!
You kill the steelbarb worm!
Trog accepts your kill.
The sun moth burns!
You block the sun moth's attack.
GONNNNG!
Your iron troll rages.
You block the sun moth's attack.
BONNNG!
Your Armour skill increases to level 11!
Your Shields skill increases to level 19!
You slice the sun moth!!
You headbutt the sun moth, but do no damage.
The sun moth is almost dead.
The sun moth burns!
Your iron troll is engulfed in freezing vapours.
Your iron troll bites the sun moth.
Your iron troll barely misses the sun moth. x2
You block the entropy weaver simulacrum's attack.
BOUMMMMG!
You block the entropy weaver simulacrum's attack.
BONNNG!
The entropy weaver simulacrum hits you.
The entropy weaver simulacrum freezes you!!!
You die...

▓..!)[|:..▓..[)}::..
▓..:):[}..▓....)|)..
▓.........▓.........
▓.........▓....)....
▓.........▓..)(.....
▓.........▓....)))..
▓.........▓.▓..)..▓.
▓.▓Ty...▓.▓....©)...
▓..@Z©....▓▓▓▓▓▓▓▓▓▓
▓▓▓▓▓▓▓▓▓▓▓


You could see a sun moth (burning, ally target), an entropy weaver simulacrum
and a friendly iron troll (summoned, berserk).

Vanquished Creatures
  An entropy weaver (D)
  A steelbarb worm (D)
  A spriggan druid (D)
  A cyclops (D)
  A moth of wrath (D)
  A meliai (D)
  6 merfolk (D)
  A tarantella (D)
  4 wind drakes (D)
  A hornet (D)
  A spriggan (D)
  A redback (D)
  A naga (D)
  2 hell hounds (D)
  2 water moccasins (D)
  A black bear (D)
  A wolf (D)
  2 necrophages (D)
  5 centaurs (D)
  A phantom (D)
  An orc priest (D)
  2 iguanas (D)
  An orc wizard (D)
  4 adders (D)
  A jackal (D)
  A quokka zombie (D)
45 creatures vanquished.

Vanquished Creatures (collateral kills)
  A spark wasp (D)
  A pharaoh ant (D)
  A cyclops (D)
  2 merfolk (D)
  A wind drake (D)
  A spriggan (D)
  A wolf (D)
  3 centaurs (D)
  An iguana (D)
  A shadow imp (D)
  A ball python (D)
  3 bat skeletons (D)
  A ball python skeleton (D)
18 creatures vanquished.

Grand Total: 63 creatures vanquished

Notes
Turn   | Place    | Note
-------+----------+-------------------------------------------
     0 | D        | greenreed the Minotaur Berserker began the quest for the
                  | Orb.
     0 | D        | Reached XP level 1. HP: 19/19 MP: 0/0
     2 | D        | Found a blossoming altar of Fedhas.
     2 | D        | Found the +6 Majin-Bo {vamp, MP+6 Int+6}
     2 | D        | Found the +9 heavy crossbow "Sniper" {vorpal, Acc+∞ SInv}
     2 | D        | Found the +10 dark maul {vorpal}
     2 | D        | Found the +15 Maxwell's patent armour {-Cast -Tele rElec
                  | Will+ rCorr}
     2 | D        | Found the +18 shield of the Gong {rElec rN+ Will+ EV-5}
     2 | D        | Found the +14 obsidian axe {vorpal, Mesm Drain Fly SInv}
     2 | D        | Found the +7 great mace "Firestarter" {inner flame, rF++}
     2 | D        | Found the +6 shillelagh "Devastator" {shatter}
     2 | D        | Found the +11 plutonium sword {Contam Stlth-}
     2 | D        | Found the +8 lance "Wyrmbane" {slay drac, rPois rF+ rC+
                  | AC+3}
     2 | D        | Found the +9 sword of Zonguldrok {reap}
     2 | D        | Found the +13 scythe of Curses {drain, Drain}
     2 | D        | Found the +5 sword of Power {vorpal}
     2 | D        | Found the +7 mace of Variability {chain chaos}
     2 | D        | Found the +7 Singing Sword {vorpal, sonic wave}
     2 | D        | Found the +8 storm bow {elec, penet}
     3 | D        | Found a viscous altar of Jiyva.
     3 | D        | Found a hazy altar of Hepliaklqana.
     3 | D        | Found a transporter.
     3 | D        | Found an opulent altar of Gozag.
     3 | D        | Found an ancient bone altar of Kikubaaqudgha.
     3 | D        | Found a corrupted altar of Lugonu.
    13 | D        | Found a burning altar of Makhleb.
    14 | D        | Found a sacrificial altar of Ru.
    14 | D        | Found a shimmering blue altar of Sif Muna.
    14 | D        | Found a stormy altar of Qazlal.
    14 | D        | Found a bloodstained altar of Trog.
    14 | D        | Found an iron altar of Okawaru.
    14 | D        | Found a sparkling altar of Nemelex Xobeh.
    72 | D        | Reached skill level 5 in Fighting
    72 | D        | Reached skill level 3 in Shields
    72 | D        | Reached XP level 2. HP: 29/29 MP: 1/1
    90 | D        | Entered arena 2.
    90 | D        | Found a transporter.
    93 | D        | Reached XP level 3. HP: 37/37 MP: 2/2
    93 | D        | Reached ** piety under Trog
   109 | D        | Entered arena 3.
   109 | D        | Noticed a water moccasin
   109 | D        | Noticed a water moccasin
   109 | D        | Found a transporter.
   116 | D        | Killed a water moccasin
   117 | D        | Reached skill level 5 in Armour
   117 | D        | Reached skill level 5 in Dodging
   117 | D        | Reached XP level 4. HP: 49/49 MP: 3/3
   117 | D        | Reached XP level 5. HP: 56/56 MP: 4/4
   117 | D        | Killed a water moccasin
   118 | D        | Reached skill level 10 in Long Blades
   118 | D        | Reached XP level 6. HP: 64/64 MP: 5/5
   119 | D        | Reached skill level 4 in Shields
   133 | D        | Entered arena 4.
   133 | D        | Found a transporter.
   137 | D        | Reached *** piety under Trog
   139 | D        | Reached skill level 10 in Fighting
   161 | D        | Entered arena 5.
   161 | D        | Found a transporter.
   166 | D        | Reached **** piety under Trog
   168 | D        | Reached skill level 5 in Shields
   168 | D        | Reached XP level 7. HP: 74/74 MP: 6/6
   208 | D        | Entered arena 6.
   208 | D        | Found a transporter.
   214 | D        | Reached ***** piety under Trog
   220 | D        | Reached skill level 6 in Shields
   228 | D        | Entered arena 7.
   228 | D        | Noticed a wind drake
   228 | D        | Noticed a cyclops
   228 | D        | Noticed a wind drake
   228 | D        | Noticed a merfolk
   228 | D        | Noticed a wind drake
   228 | D        | Noticed a merfolk
   238 | D        | Killed a wind drake
   245 | D        | Killed a cyclops
   246 | D        | Reached skill level 8 in Shields
   246 | D        | Reached XP level 8. HP: 85/85 MP: 7/7
   250 | D        | Killed a wind drake
   252 | D        | Found a transporter.
   253 | D        | Killed a merfolk
   254 | D        | Reached skill level 9 in Shields
   256 | D        | Killed a wind drake
   257 | D        | Reached skill level 15 in Long Blades
   257 | D        | Reached skill level 1 in Stealth
   258 | D        | Killed a merfolk
   259 | D        | Reached skill level 10 in Shields
   259 | D        | Reached XP level 9. HP: 37/93 MP: 8/8
   271 | D        | Got the ring "Suczyll" {rPois Int+2 Dex+6 Stlth+}
   482 | D        | Entered arena 8.
   482 | D        | Noticed a spriggan druid
   483 | D        | Found a transporter.
   488 | D        | Killed a spriggan druid
   489 | D        | Reached skill level 11 in Shields
   490 | D        | Reached skill level 12 in Shields
   511 | D        | Entered arena 9.
   513 | D        | Found a transporter.
   518 | D        | Reached ****** piety under Trog
   534 | D        | Entered arena 10.
   534 | D        | Noticed a merfolk
   534 | D        | Noticed a merfolk
   534 | D        | Noticed a merfolk
   535 | D        | Found a transporter.
   542 | D        | Reached skill level 13 in Shields
   542 | D        | Killed a merfolk
   544 | D        | Killed a merfolk
   545 | D        | Reached XP level 10. HP: 103/103 MP: 9/9
   546 | D        | Reached skill level 14 in Shields
   564 | D        | Entered arena 11.
   564 | D        | Found the +2 hood of the Assassin {Detection Stab+ Stlth++}
   564 | D        | Noticed a cyclops
   565 | D        | Found a transporter.
   567 | D        | Received a gift from Trog
   576 | D        | Killed a cyclops
   577 | D        | Reached skill level 15 in Shields
   579 | D        | Identified the +5 long sword of Risk Management {flame,
                  | *Slow Str+4} (Trog gifted it to you in the Dungeon)
   579 | D        | Received a gift from Trog
   580 | D        | Reached skill level 10 in Armour
   583 | D        | Reached skill level 16 in Shields
   807 | D        | Entered arena 12.
   807 | D        | Noticed a pharaoh ant
   807 | D        | Noticed an entropy weaver
   807 | D        | Noticed a sun moth
   807 | D        | Noticed a moth of wrath
   807 | D        | Noticed a spark wasp
   807 | D        | Noticed a steelbarb worm
   811 | D        | Killed a pharaoh ant
   814 | D        | Killed a spark wasp
   815 | D        | Reached skill level 15 in Fighting
   815 | D        | Reached skill level 17 in Shields
   820 | D        | Reached XP level 11. HP: 66/112 MP: 10/10
   824 | D        | Received a gift from Trog
   825 | D        | Reached skill level 18 in Shields
   827 | D        | Killed an entropy weaver
   828 | D        | Reached skill level 5 in Stealth
   841 | D        | Killed a steelbarb worm
   842 | D        | Reached skill level 19 in Shields
   842 | D        | Slain by an entropy weaver simulacrum

Illustrated notes

Levels and vault maps discovered:
D:        sprint_v [room_start, room_1, room_2, room_3, room_4, room_5, room_6,
          room_7, room_8, room_9, room_10, room_11, room_12, room_13, room_14,
          room_15, room_16, room_17, room_18, room_19, room_20, room_21,
          room_22, room_23, room_24, room_25, room_26, room_27]

Skill      XL: |  1  2  3  4  5  6  7  8  9 10 11 |
---------------+----------------------------------+-----
Fighting       | 5 8 9 11 12 13 14 15 | 15.4
Long Blades    | 6 9 10 11 14 15 16 17 | 17.8
Armour         | 4 5 6 7 9 10 11 | 11.0
Dodging        | 3 4 5 6 7 |  7.0
Shields        | 3 5 8 10 13 17 19 | 19.0
Stealth        | 1 2 4 5 |  5.0

Action                   |  1- 3 |  4- 6 |  7- 9 | 10-12 || total
-------------------------+-------+-------+-------+-------++-------
Melee: Double sword      |     6 |    10 |    50 |    39 ||   105
       Headbutt          |     1 |     1 |     8 |     9 ||    19
Invok: Berserk           |     1 |     1 |     3 |     1 ||     6
       Brothers in Arms  |       |       |     3 |     4 ||     7
       Trog's Hand       |       |       |     2 |     1 ||     3
  Use: Potion            |     4 |       |     3 |     3 ||    10
 Stab: Distracted        |       |     1 |     3 |     1 ||     5
Armor: Plate armour      |     2 |     1 |    26 |    23 ||    52
Dodge: Dodged            |       |     1 |     4 |     9 ||    14
Block: Kite shield       |    12 |    16 |    95 |   113 ||   236
       Reflection        |       |       |    10 |    12 ||    22

Table legend: (Time is in decaauts)
 A = Elapsed time spent in this place.
 B = Non-inter-level travel time spent in this place.
 C = Inter-level travel time spent in this place.
 D = Time resting spent in this place.
 E = Time spent auto-exploring this place.
 F = Levels seen in this place.
 G = Mean time per level.
                   A        B        C        D        E       F      G
               +--------+--------+--------+--------+--------+-----+--------+
         Total |    846 |    846 |      0 |      0 |    398 |   1 |  846.0 |
       Dungeon |    846 |    846 |      0 |      0 |    398 |   1 |  846.0 |
               +--------+--------+--------+--------+--------+-----+--------+

Top non-repeatable levels by time:
       D: 846 daAuts
